 Dungeon Crawl Stone Soup version 0.29.1-1-gd02db6906a (webtiles) character file.

Game seed: 13771737694391024090

315 LustLizard the Sneak (level 6, -4/30 HPs)
             Began as a Spriggan Arcane Marksman on Sept 23, 2022.
             Slain by a bullfrog (6 damage)
             ... in a sewer.
             The game lasted 00:06:48 (4175 turns).

LustLizard the Sneak (Spriggan Arcane Marksman)     Turns: 4175, Time: 00:06:48

Health: -4/30      AC:  3    Str:  6    XL:     6   Next: 20%
Magic:  9/9        EV: 14    Int: 15    God:
Gold:   171        SH:  0    Dex: 17    Spells: 6/7 levels left

rFire   . . .      SeeInvis +   a - +2 sling
rCold   + . .      Faith    .   (no shield)
rNeg    . . .      Spirit   .   c - +1 robe
rPois   .          Reflect  .   (helmet restricted)
rElec   .          Harm     .   (no cloak)
rCorr   .          Rampage  .   (gloves unavailable)
Will    +....                   (boots unavailable)
Stlth   ++........              (no amulet)
HPRegen 0.10/turn               g - ring of protection from cold
MPRegen 0.11/turn               (no ring)

@: constricted, slow
A: very small, no large weapons, unfitting armour, see invisible, speed 3
a: no special abilities


You were in a sewer.
You visited 1 branch of the dungeon, and saw 4 of its levels.
You also visited: Sewer.

You collected 171 gold pieces.

Inventory:

Hand Weapons
 a - a +2 sling (weapon)
Armour
 c - a +1 robe (worn)
Jewellery
 g - a ring of protection from cold (left hand)
Wands
 t - a wand of polymorph (13)
 v - a wand of charming (14)
Scrolls
 b - 2 scrolls of poison
 e - a scroll of enchant weapon
 f - a scroll of immolation {unknown}
 l - a scroll of summoning
 m - a scroll of noise {unknown}
 n - 2 scrolls of amnesia {unknown}
 p - 2 scrolls of enchant armour
 r - a scroll of vulnerability {unknown}
 u - a scroll of magic mapping {unknown}
 w - a scroll of teleportation {unknown}
Potions
 d - 3 potions of curing
 h - 3 potions of heal wounds
 i - a potion of might {unknown}
 j - 3 potions of degeneration {unknown}
 k - a potion of ambrosia {unknown}
 o - 2 potions of attraction {unknown}
 q - a potion of invisibility {unknown}
 s - a potion of magic {unknown}
 x - a potion of haste {unknown}


   Skills:
 + Level 2.1 Fighting
 * Level 4.4 Ranged Weapons
 - Level 2.6 Dodging
 * Level 5.8 Stealth
 - Level 1.3 Spellcasting
 - Level 4.0 Hexes


You had 6 spell levels left.
You knew the following spells:

 Your Spells              Type           Power      Damage    Failure   Level
a - Slow                  Hex            52%        N/A       4%          1

Your spell library contained the following spells:

 Spells                   Type           Power      Damage    Failure   Level
 Dazzling Flash           Conj/Hex       14%        N/A       30%         3
 Inner Flame              Hex/Fire       7%         N/A       30%         3
 Portal Projectile        Hex/Tloc       14%        N/A       30%         3
 Cause Fear               Hex            6%         N/A       41%         4
 Silence                  Hex/Air        3%         N/A       96%         5
 Agony                    Necr           1%         N/A       100%        5


Dungeon Overview and Level Annotations

Branches:
Dungeon (4/15)              Sewer (1/1)
 Temple: D:4-7

Altars:


Innate Abilities, Weirdness & Mutations

You are very small and have problems with some larger weapons.
You are too small for most types of armour.
You have supernaturally acute eyesight. (SInv)
You cover ground extremely quickly. (Speed+++)


Message History

The bullfrog is moderately wounded.
The bullfrog misses you.
The ball python bites you but does no damage.
The ball python barely misses you. The ball python closely misses you.
The ball python barely misses you. The bullfrog hits you!
The ball python bites you but does no damage.
The ball python grabs you. The ball python constricts you.
As you read the scroll labelled UTIVU MAOSH, it crumbles to dust.
It is a scroll of enchant weapon.
Your +1 sling glows red for a moment.
The ball python closely misses you. The bullfrog barely misses you.
The ball python misses you. The ball python constricts you.
The bullfrog closely misses you. The ball python misses you.
Fire: a) +2 sling
Press: ? - help, Q - select action, (/) - cycle Shift-Dir - straight line, f/p - bullfrog
Aim: a bullfrog (moderately wounded, 56% to hit)
You shoot a sling bullet.
The sling bullet closely misses the bullfrog.
The bullfrog closely misses you. The ball python misses you.
The ball python constricts you. The bullfrog completely misses you.
The bullfrog hits you. The ball python barely misses you.
The ball python bites you. The ball python constricts you.
Fire: a) +2 sling
Press: ? - help, Q - select action, (/) - cycle Shift-Dir - straight line, f/p - bullfrog
Aim: a bullfrog (moderately wounded, 56% to hit)
You shoot a sling bullet.
The sling bullet closely misses the bullfrog.
The endoplasm quivers.
The bullfrog closely misses you. The bullfrog hits you.
The ball python bites you but does no damage.
The bullfrog hits you!
* * * LOW HITPOINT WARNING * * *
The ball python bites you but does no damage.
The ball python constricts you.
* * * LOW HITPOINT WARNING * * *
The bullfrog closely misses you.
As you read the scroll labelled WODIAFRUGO, it crumbles to dust.
Wisps of shadow whirl around you...
It was a scroll of summoning.
The bullfrog hits you.
You die...

#......##..###†..†.
#......##..# ##....
#~≈≈~≈~##### #≈≈~~≈
#~≈~~≈≈# #≈≈~~≈
#≈≈≈~≈≈# #≈~~~~
#≈≈~~~≈# #~~≈≈≈
#≈≈Jb~≈# #÷~~≈≈
#≈#~~≈≈# #≈....
#F@#≈≈≈# #≈....
#SFS≈≈≈# ##....
#~l≈≈≈≈# #≈≈~≈~
#~~≈≈≈≈# #≈≈~≈~
#~≈~≈≈≈# #≈~≈~~
#≈~~~~≈# #≈≈~≈~
#≈≈J~~≈# #≈~~≈≈
#≈≈≈~≈~# #≈~≈≈≈
#~≈~≈≈~# #≈~≈~~


You could see 2 bullfrogs, an endoplasm, 2 ball pythons, a frilled lizard, a
friendly endoplasm (summoned, wandering) and a friendly bat (summoned).

Vanquished Creatures
  A phantom (D:3)
  8 adders
  6 river rats (Sewer)
  3 worms (D:2)
  A dart slug (D:2)
  8 orcs
  3 bats
  4 endoplasms
  4 giant cockroaches
  2 goblins
  7 hobgoblins
  3 jackals (D:1)
  8 quokkas
  12 ball pythons
  5 frilled lizards
  4 kobolds
  31 rats
110 creatures vanquished.

Vanquished Creatures (others)
  A ball python (D:4)
  13 plants (D:1)
14 creatures vanquished.

Grand Total: 124 creatures vanquished

Notes
Turn   | Place    | Note
-------+----------+-------------------------------------------
     0 | D:1      | LustLizard the Spriggan Arcane Marksman began the quest for
                  | the Orb.
     0 | D:1      | Reached XP level 1. HP: 9/9 MP: 3/3
   180 | D:1      | Reached skill level 1 in Stealth
   250 | D:1      | Reached XP level 2. HP: 14/14 MP: 5/5
   336 | D:1      | Found a faded altar of an unknown god.
   444 | D:1      | Reached skill level 1 in Fighting
  1222 | D:2      | Reached skill level 2 in Stealth
  1254 | D:2      | Reached XP level 3. HP: 18/18 MP: 6/6
  1633 | D:2      | Reached skill level 3 in Stealth
  1871 | D:2      | Reached XP level 4. HP: 22/22 MP: 7/7
  2667 | D:3      | Noticed a phantom
  2741 | D:3      | Killed a phantom
  2742 | D:3      | Reached skill level 4 in Stealth
  2742 | D:3      | Reached XP level 5. HP: 25/26 MP: 5/8
  3168 | D:4      | Found a glowing drain.
  3224 | Sewer    | Entered a sewer
  3257 | Sewer    | Reached skill level 5 in Stealth
  3863 | Sewer    | Reached XP level 6. HP: 29/30 MP: 9/9
  4175 | Sewer    | Slain by a bullfrog

Illustrated notes

Levels and vault maps discovered:
D:1:      scummos_arrival_simple_crosswalls, layout_loops_ring,
          shapermc_ecumenical_altar_venn, serial_bayou, serial_bayou_pond_a,
          serial_bayou_shore_a, serial_bayou_lake_a, serial_bayou_pond_c
D:2:      layout_basic, serial_bayou_pond_e
D:3:      layout_loops_ring, grunt_ministairs_1
D:4:      layout_rooms, mainiacjoe_overflow_six_doors_small, elyvilon_altar_4,
          gammafunk_temple_overflow_wave, portal_sewer_entry_f,
          uniq_blork_the_orc, uniq_pikel
Sewer:    sewer_minmay_w

Skill      XL: |  1  2  3  4  5 |
---------------+----------------+-----
Stealth        | 1 2 3 4 5 |  5.8
Fighting       | 1 2 |  2.1
Hexes          | 4 |  4.0
Ranged Weapons | 3 4 |  4.4
Dodging        | |  2.6
Spellcasting   | |  1.3

Action                   |  1- 3 |  4- 6 || total
-------------------------+-------+-------++-------
 Fire: Sling             |   108 |   234 ||   342
 Cast: Slow              |     4 |     9 ||    13
  Use: Scroll            |       |     5 ||     5
Armor: Robe              |     5 |    20 ||    25
Dodge: Dodged            |    18 |   191 ||   209
